 Dungeon Crawl Stone Soup version 0.30-a0-458-g86641cc369 (webtiles) character file.

Game seed: 4502187099912565641

51 cforsyth the Shield-Bearer (level 3, -5/36 HPs)
             Began as a Troll Fighter on Dec 15, 2022.
             Slain by an iguana (13 damage)
             ... on level 3 of the Dungeon.
             The game lasted 00:02:20 (1447 turns).

cforsyth the Shield-Bearer (Troll Fighter)          Turns: 1447, Time: 00:02:21

Health: -5/36      AC:  4    Str: 24    XL:     3   Next: 57%
Magic:  2/2        EV:  8    Int:  6    God:
Gold:   165        SH:  7    Dex:  9    Spells: 2/2 levels left

rFire   . . .      SeeInvis .      - Unarmed
rCold   . . .      Faith    .    b - +0 kite shield
rNeg    . . .      Spirit   .    a - +0 robe
rPois   .          Reflect  .    (helmet restricted)
rElec   .          Harm     .    (no cloak)
rCorr   .          Rampage  .    (gloves unavailable)
Will    .....                    (boots unavailable)
Stlth   +.........               (no amulet)
HPRegen 1.06/turn                (no ring)
MPRegen 0.08/turn                (no ring)

@: no status effects
A: large, unfitting armour, claws 3, regeneration 1, shaggy fur 1, tough skin 1
a: no special abilities


You were on level 3 of the Dungeon.
You visited 1 branch of the dungeon, and saw 3 of its levels.

You collected 165 gold pieces.

Inventory:

Armour
 a - a +0 robe (worn)
 b - a +0 kite shield (worn)
Jewellery
 h - an amulet of magic regeneration
Wands
 q - a wand of iceblast (6)
Scrolls
 e - a scroll of enchant armour {unknown}
 g - a scroll of butterflies {unknown}
 i - a scroll of brand weapon {unknown}
 j - a scroll of vulnerability {unknown}
 k - 2 scrolls of teleportation {unknown}
 l - 2 scrolls of fog {unknown}
 m - a scroll of noise {unknown}
 s - a scroll of identify {unknown}
Potions
 c - 2 potions of might
 d - 3 potions of flight {unknown}
 f - 3 potions of mutation {unknown}
 n - a potion of heal wounds {unknown}
 o - 4 potions of attraction {unknown}
 p - a potion of haste {unknown}
 r - a potion of degeneration {unknown}
 t - a potion of curing {unknown}


   Skills:
 + Level 2.8 Fighting
 - Level 2.6 Dodging
 + Level 3.1 Shields
 * Level 2.9 Unarmed Combat


You had 2 spell levels left.
You didn't know any spells.
Your spell library contained the following spells:

 Spells                   Type           Power      Damage    Failure   Level
 Static Discharge         Conj/Air       0%         2-2/arc   87%         2
 Vhi's Electric Charge    Tloc/Air       0%         N/A       98%         3
 Airstrike                Air            0%         2d(0-16)  100%        4
 Summon Lightning Spire   Summ/Air       0%         N/A       100%        4
 Arcjolt                  Conj/Air       0%         1d10      100%        5
 Lightning Bolt           Conj/Air       0%         1d11      100%        5


Dungeon Overview and Level Annotations

Branches:
Dungeon (3/15)

Altars:


Innate Abilities, Weirdness & Mutations

You are too large for most types of armour.
You have claws for hands.
Your natural rate of healing is unusually fast.
You are covered in fur. (AC +1)
You have tough skin. (AC +1)


Message History

An iguana comes into view.
The iguana hisses angrily.
A gnoll comes into view. It is wielding a +0 whip.
A gnoll comes into view. It is wielding a +0 flail.
Found a scroll labelled KIFAJUDUOM.
The gnoll throws a throwing net.
You block the throwing net. The iguana bites you!
You see here a throwing net.
You are too injured to fight recklessly!
You are too injured to fight recklessly!
You are too injured to fight recklessly!
You are too injured to fight recklessly!
You are too injured to fight recklessly!
You are too injured to fight recklessly!
You are too injured to fight recklessly!
You are too injured to fight recklessly!
You are too injured to fight recklessly!
You barely miss the iguana. The iguana bites you.
You are too injured to fight recklessly!
You are too injured to fight recklessly!
The iguana attacks as you move away! The iguana bites you!
A kobold comes into view. It is wielding a +0 dagger.
The iguana attacks as you move away! The iguana bites you.
The kobold shouts!
The iguana attacks as you move away! You block the iguana's attack.
The kobold drinks a potion.
The kobold seems to grow stronger.
The kobold barely misses you. The iguana attacks as you move away!
You block the iguana's attack. The kobold attacks as you move away!
The kobold closely misses you. The iguana attacks as you move away!
The iguana bites you! The kobold attacks as you move away!
The kobold hits you with a +0 dagger. The iguana attacks as you move away!
The iguana bites you!
* * * LOW HITPOINT WARNING * * *
The iguana attacks as you move away! The iguana barely misses you.
The kobold throws a stone.
The stone hits you.
* * * LOW HITPOINT WARNING * * *
The kobold throws a stone.
The stone hits you.
* * * LOW HITPOINT WARNING * * *
The iguana attacks as you move away! The iguana bites you!
You die...

.............#.g.g.........
..............#.............
..............#..†..........
.....#.#.#.#...#.............
#...........g..#.........(...
.##...#.#.#.#g.K#.............
. ...............#.............
#.##...#.#.#.#l..#.............
#.............@..##############
##..#.#.#.#.#[#.########
........................
........................
........................
######'##############..
#...................#
#..##############...# #
........<#...#


You could see an iguana, 2 gnolls and a kobold (strong).

Vanquished Creatures
  2 dart slugs (D:2)
  3 bats
  5 endoplasms
  A giant cockroach (D:2)
  3 goblins
  3 hobgoblins
  4 quokkas
  6 ball pythons
  5 frilled lizards
  4 kobolds
  11 rats
47 creatures vanquished.

Notes
Turn   | Place    | Note
-------+----------+-------------------------------------------
     0 | D:1      | cforsyth the Troll Fighter began the quest for the Orb.
     0 | D:1      | Reached XP level 1. HP: 22/22 MP: 0/0
   133 | D:1      | Reached XP level 2. HP: 25/29 MP: 1/1
   137 | D:1      | Found a faded altar of an unknown god.
   764 | D:2      | Reached skill level 3 in Shields
   774 | D:2      | Reached XP level 3. HP: 35/36 MP: 2/2
  1447 | D:3      | Slain by an iguana

Illustrated notes

Levels and vault maps discovered:
D:1:      scummos_arrival_simple_fountains, layout_loops_cross,
          dreamdust_ecumenical_altar_grove, minmay_quantized
D:2:      layout_loops_ring, minmay_octomino_c4
D:3:      layout_basic, serial_glass, glass_columns_c, glass_columns_c,
          minmay_crystal_water, minmay_cupped

Skill      XL: |  1  2 |
---------------+-------+-----
Shields        | 3 |  3.1
Fighting       | |  2.8
Dodging        | |  2.6
Unarmed Combat | |  2.9

Action                   || total
-------------------------++-------
Melee: Unarmed           ||   106
 Stab: Sleeping          ||     1
Armor: Robe              ||    31
Dodge: Dodged            ||    28
Block: Kite shield       ||    41

Table legend: (Time is in decaauts)
 A = Elapsed time spent in this place.
 B = Non-inter-level travel time spent in this place.
 C = Inter-level travel time spent in this place.
 D = Time resting spent in this place.
 E = Time spent auto-exploring this place.
 F = Levels seen in this place.
 G = Mean time per level.
                   A        B        C        D        E       F      G
               +--------+--------+--------+--------+--------+-----+--------+
         Total |   1456 |   1405 |     51 |      0 |   1121 |   3 |  485.3 |
       Dungeon |   1456 |   1405 |     51 |      0 |   1121 |   3 |  485.3 |
               +--------+--------+--------+--------+--------+-----+--------+

Top non-repeatable levels by time:
     D:1: 702 daAuts
     D:2: 622 daAuts
     D:3: 131 daAuts
